 Dungeon Crawl Stone Soup version 0.23-a0-408-g9d4b7ed (webtiles) character file.

15 MisterFreud the Sneak (level 2, 0/12 HPs)
             Began as a Felid Transmuter on Nov 8, 2018.
             Slain by a bat (1 damage)
             ... on level 1 of the Dungeon.
             The game lasted 00:01:16 (601 turns).

MisterFreud the Sneak (Felid Transmuter)             Turns: 601, Time: 00:01:17

Health: 0/12       AC:  1    Str:  6    XL:     2   Next: 34%
Magic:  6/6        EV: 18    Int: 14    God:
Gold:   21         SH:  0    Dex: 16    Spells: 4/5 levels left
                                        Lives:  0   Deaths: 0

rFire    . . .     SeeInvis +     - Unarmed
rCold    . . .     Gourm    .   (shield unavailable)
rNeg     . . .     Faith    .   (armour unavailable)
rPois    .         Spirit   .   (helmet unavailable)
rElec    .         Reflect  .   (cloak unavailable)
rCorr    .         Harm     .   (gloves unavailable)
MR       .....                  (boots unavailable)
Stlth    +++.......             (no amulet)
HPRegen  0.04/turn              (no ring)
MPRegen  0.10/turn              (no ring)

@: quick
A: very small, no armour, no weapons or thrown items, stealth, claws 1, fangs 3,
see invisible, carnivore, speed 1, shaggy fur 1, slow metabolism 1, sharp paws
a: no special abilities


You were on level 1 of the Dungeon.
You were very full.

You visited 1 branch of the dungeon, and saw 1 of its levels.

You collected 21 gold pieces.

Inventory:

Missiles
 a - 25 arrows
Scrolls
 b - a scroll of identify {unknown}
Comestibles
 c - a ration


   Skills:
 - Level 1.0 Fighting
 - Level 2.6 Dodging
 + Level 3.1 Stealth
 - Level 3.0 Unarmed Combat
 - Level 2.0 Spellcasting
 - Level 2.1 Transmutations


You had 4 spell levels left.
You knew the following spells:

 Your Spells              Type           Power        Failure   Level  Hunger
a - Beastly Appendage     Tmut           #.....       10%         1    ##.....

Your spell library contained the following spells:

 Spells                   Type           Power        Failure   Level  Hunger
 Sticks to Snakes         Tmut           #.......     14%         2    ###....
 Spider Form              Tmut/Pois      #.........   41%         3    ####...
 Ice Form                 Ice/Tmut       #.......     83%         4    #####..
 Blade Hands              Tmut           #.........   95%         5    ######.


Dungeon Overview and Level Annotations

Branches:
Dungeon (1/15)

Altars:


Innate Abilities, Weirdness & Mutations

You cannot wear armour.
You are incapable of wielding weapons or throwing items.
Your paws allow you to move quietly. (Stealth)
You have sharp claws.
You have razor-sharp teeth.
You have supernaturally acute eyesight. (SInv)
You are carnivorous and can eat meat at any time.
You cover ground quickly.
You are covered in fur. (AC +1)
You have a slow metabolism.
Your sharp claws are effective at attacking unaware monsters.


Message History

The bat misses you. The bat hits you.
* * * LOW HITPOINT WARNING * * *
The bat misses you. The bat closely misses you.
Found a whip.
The bat misses you.
A frilled lizard comes into view.
Your horns disappear.
The bat closely misses you. The bat barely misses you.
A hobgoblin comes into view. It is wielding a +0 club.
The bat hits you.
* * * LOW HITPOINT WARNING * * *
You aren't carrying any potions.
Unknown command.
The bat closely misses you. The bat barely misses you.
The bat hits you but does no damage.
The frilled lizard hisses angrily.
The bat hits you.
You die...

## . . .# #.##.# ###....
#...#.... .... #@#
#.......# .... ##b#
#........#.... ##..#
#......# ..... #..##
#......# ..... . #.##
#......##.##..
....##K#####.............
....).....##.............#
......l##.K...............
g........................(


You could see a bat, a kobold and a frilled lizard.

Vanquished Creatures
  A dart slug (D:1)
  A giant cockroach (D:1)
  2 goblins (D:1)
  A hobgoblin (D:1)
  2 ball pythons (D:1)
  2 bats (D:1)
  2 frilled lizards (D:1)
  A kobold (D:1)
  2 rats (D:1)
14 creatures vanquished.

Notes
Turn   | Place    | Note
-------+----------+-------------------------------------------
     0 | D:1      | MisterFreud the Felid Transmuter began the quest for the
                  | Orb.
     0 | D:1      | Reached XP level 1. HP: 9/9 MP: 4/4
    50 | D:1      | Reached skill level 1 in Stealth
   306 | D:1      | Reached XP level 2. HP: 5/12 MP: 6/6
   601 | D:1      | Slain by a bat

Vault maps used:
D:1:      eino_arrival_cavern_a

Skill      XL: |  1  2 |
---------------+-------+-----
Stealth        | 2 3 |  3.1
Fighting       | |  1.0
Dodging        | |  2.6
Unarmed Combat | |  3.0
Spellcasting   | |  2.0
Transmutations | |  2.1

Action                   || total
-------------------------++-------
Melee: Unarmed           ||    39
       Headbutt          ||     8
       Bite              ||     2
 Cast: Beastly Appendage ||     6
 Stab: Sleeping          ||     4
  Eat: Chunk             ||     5
Armor: Skin              ||     8
Dodge: Dodged            ||    48

Table legend:
 A = Non-vault XP
 B = Vault XP
 C = Vault XP percentage of total XP
 D = Non-vault monster count
 E = Vault monster count
 F = Vault count percentage of total count
                 A         B        C        D         E       F
            +---------+---------+-------+---------+---------+-------
      Total |      22 |       0 |   0.0 |      14 |       0 |   0.0
            +---------+---------+-------+---------+---------+-------
        D:1 |      22 |       0 |   0.0 |      14 |       0 |   0.0
            +---------+---------+-------+---------+---------+-------
